 Dungeon Crawl Stone Soup version 0.30-a0-1008-g30c9307041 (webtiles) character file.

Game seed: 16814065379491675337

1124 hwolsky the Conjurer (level 8, -4/57 HPs)
             Began as a Pale Draconian Conjurer on Apr 5, 2023.
             Was an Initiate of Qazlal.
             Slain by a water moccasin (5 damage)
             ... on level 5 of the Dungeon.
             The game lasted 00:35:45 (4307 turns).

hwolsky the Conjurer (Pale Draconian Conjurer)      Turns: 4307, Time: 00:35:46

Health: -4/57      AC:  8    Str: 10    XL:     8   Next: 13%
Magic:  14/15      EV: 13    Int: 20    God:    Qazlal [......]
Gold:   158        SH:  0    Dex: 10    Spells: 9/16 levels left

rFire   . . .      SeeInvis .    c - +1 short sword
rCold   . . .      Faith    .    (no shield)
rNeg    . . .      Spirit   .    (body armour unavailable)
rPois   .          Reflect  .    (helmet restricted)
rElec   .          Rampage  .    f - +0 cloak
rCorr   .                        j - +0 pair of gloves
Will    .....                    (no boots)
Stlth   ++                       (no amulet)
HPRegen 0.29/turn                g - ring of flight
MPRegen 0.14/turn                (no ring)

@: mighty, lethally poisoned (-4 -> -5), flying
A: breathe steam, AC +6, unfitting armour, cold-blooded, steam resistance
a: Breathe Steam, Renounce Religion


You were on level 5 of the Dungeon.
You worshipped Qazlal.
Qazlal was noncommittal.
You visited 1 branch of the dungeon, and saw 5 of its levels.

You collected 158 gold pieces.

Inventory:

Hand Weapons
 a - a +0 dagger
 b - a +0 dagger
 c - a +1 short sword (weapon)
Missiles
 e - 5 datura-tipped darts
 o - 3 boomerangs (quivered)
Armour
 f - a +0 cloak (worn)
 j - a +0 pair of gloves (worn)
Jewellery
 g - a ring of flight (left hand)
Scrolls
 d - a scroll of teleportation
 h - 3 scrolls of enchant weapon
Potions
 i - a potion of haste
 k - 2 potions of flight
 l - a potion of brilliance
 n - a potion of degeneration


   Skills:
 + Level 4.6 Dodging
 - Level 2.2 Stealth
 + Level 4.7 Spellcasting
 * Level 7.8 Conjurations


You had 9 spell levels left.
You knew the following spells:

 Your Spells              Type           Power      Damage    Failure   Level
a - Magic Dart            Conj           100%       1d8       1%          1
b - Searing Ray           Conj           72%        2d7       1%          2
c - Iskenderun's Mystic   Conj/Tloc      20%        2d6       24%         4

Your spell library contained the following spells:

 Spells                   Type           Power      Damage    Failure   Level
 Dazzling Flash           Conj/Hex       40%        N/A       7%          3
 Summon Small Mammal      Summ           16%        N/A       12%         1
 Fulminant Prism          Conj/Hex       10%        3d9       24%         4
 Call Canine Familiar     Summ           4%         N/A       34%         3
 Inner Flame              Hex/Fire       4%         N/A       34%         3
 Summon Guardian Golem    Hex/Summ       4%         N/A       34%         3
 Yara's Violent Unravell  Hex/Tmut       2%         3d3       97%         5
 Enfeeble                 Hex            2%         N/A       100%        7


Dungeon Overview and Level Annotations

Branches:
Dungeon (5/15)
 Temple: D:4-7

Altars:
Makhleb
Qazlal

Shops:
D:3 *   D:4 ?


Innate Abilities, Weirdness & Mutations

You can breathe blasts of scalding, opaque steam.
Your pale cyan-grey scales are hard. (AC +6)
You cannot fit into any form of body armour.
You are cold-blooded and may be slowed by cold attacks.
You are immune to the effects of steam.


Message History

You are lethally poisoned!
The water moccasin poisons you!
It was a potion of might.
You feel very mighty all of a sudden.
* * * LOW HITPOINT WARNING * * *
You feel very sick. The water moccasin closely misses you.
It was a potion of curing.
You feel better. The water moccasin bites you.
* * * LOW HITPOINT WARNING * * *
The water moccasin barely misses you.
As you read the scroll of teleportation, it crumbles to dust.
You feel strangely unstable.
The water moccasin bites you but does no damage.
The water moccasin closely misses you.
You reach down and open the door.
The water moccasin bites you.
* * * LOW HITPOINT WARNING * * *
You are poisoned.
The water moccasin poisons you!
The water moccasin attacks as you move away!
The water moccasin bites you.
* * * LOW HITPOINT WARNING * * *
Your surroundings seem slightly different.
Found a scroll labelled GACUM HIUSAKA.
Found an escape hatch in the floor.
* * * LOW HITPOINT WARNING * * *
You feel very sick.
* * * LOW HITPOINT WARNING * * *
You feel sick.
* * * LOW HITPOINT WARNING * * *
You feel sick.
* * * LOW HITPOINT WARNING * * *
You feel sick.
* * * LOW HITPOINT WARNING * * *
You feel sick.
* * * LOW HITPOINT WARNING * * *
You feel sick. The water moccasin barely misses you.
* * * LOW HITPOINT WARNING * * *
You feel sick.
The water moccasin attacks as you move away!
The water moccasin bites you.
You die...

.#####......'..........
............#####'##+##
...................#
............>.....+
..................#
###+#.............#
+.............#
#S............#
#@.........
#.....#+######## #.....
#..?.. #..... ...####
... ..


You could see a water moccasin.

Vanquished Creatures
  Grinder (D:3)
  3 yaks (D:4)
  A black bear (D:4)
  A phantom (D:4)
  A scorpion (D:4)
  A howler monkey (D:3)
  2 hounds (D:4)
  Natasha (thrice) (D:3)
  An orc wizard (D:3)
  An adder (D:2)
  A white imp (D:3)
  A worm (D:3)
  4 dart slugs
  4 orcs (D:3)
  4 bats
  4 endoplasms
  A giant cockroach (D:3)
  9 goblins
  A hobgoblin (D:3)
  5 quokkas
  6 ball pythons
  3 frilled lizards
  4 kobolds
  2 rats
64 creatures vanquished.

Vanquished Creatures (others)
  16 plants (D:4)
16 creatures vanquished.

Grand Total: 80 creatures vanquished

Notes
Turn   | Place    | Note
-------+----------+-------------------------------------------
     0 | D:1      | hwolsky the Draconian Conjurer began the quest for the Orb.
     0 | D:1      | Reached XP level 1. HP: 14/14 MP: 3/3
   560 | D:1      | Reached XP level 2. HP: 20/20 MP: 0/5
   683 | D:1      | Learned a level 2 spell: Searing Ray
  1641 | D:2      | Reached XP level 3. HP: 26/26 MP: 1/6
  1745 | D:2      | You fall into a shaft and drop 1 floor!
  1898 | D:3      | Noticed Natasha
  1941 | D:3      | Reached XP level 4. HP: 2/33 MP: 2/8
  1941 | D:3      | Killed Natasha
  2096 | D:3      | Found Kitixit's General Store.
  2328 | D:3      | Noticed Natasha
  2333 | D:3      | Reached skill level 5 in Conjurations
  2333 | D:3      | Reached XP level 5. HP: 38/38 MP: 3/9
  2335 | D:3      | Killed Natasha
  2597 | D:3      | Noticed Grinder
  2600 | D:3      | Noticed Natasha
  2603 | D:3      | Killed Natasha
  2608 | D:3      | Paralysed by Grinder for 3 turns
  2615 | D:3      | Paralysed by Grinder for 5 turns
  2628 | D:3      | Paralysed by Grinder for 3 turns
  2631 | D:3      | Killed Grinder
  2632 | D:3      | Reached skill level 6 in Conjurations
  2632 | D:3      | Reached XP level 6. HP: 40/45 MP: 0/11
  2737 | D:3      | Learned a level 4 spell: Iskenderun's Mystic Blast
  2998 | D:4      | Found Vowiamn's Magic Scroll Emporium.
  3460 | D:4      | Your scales start taking on a pale cyan-grey colour.
  3460 | D:4      | Reached XP level 7. HP: 9/50 MP: 9/12
  3460 | D:4      | Gained mutation: You are immune to the effects of steam.
                  | [Pale Draconian growth]
  3720 | D:4      | Found a stormy altar of Qazlal.
  3727 | D:4      | Became a worshipper of Qazlal Stormbringer
  3904 | D:4      | Noticed a yak
  3908 | D:4      | Killed a yak
  3909 | D:4      | Reached skill level 7 in Conjurations
  3909 | D:4      | Noticed a yak
  3909 | D:4      | Noticed a yak
  3923 | D:4      | Killed a yak
  3933 | D:4      | Killed a yak
  3934 | D:4      | Reached XP level 8. HP: 10/57 MP: 2/15
  4149 | D:4      | Found a burning altar of Makhleb.
  4221 | D:5      | Entered Level 5 of the Dungeon
  4304 | D:5      | HP: 2/57 [poisoned by a water moccasin]
  4307 | D:5      | Slain by a water moccasin

Illustrated notes

Levels and vault maps discovered:
D:1:      spicycebolla_arrival_ecumenical, layout_loops_corners
D:2:      layout_loops_corners, uniq_terence
D:3:      layout_loops_ring, serial_shops, nicolae_shop_stone,
          grunt_ministairs_4, uniq_grinder, uniq_natasha
D:4:      layout_loops_ring, mainiacjoe_overflow_alcove_2, grunt_qazlal_clouds,
          serial_bayou, serial_bayou_ford_a, serial_bayou_lake_a,
          serial_bayou_pond_b, serial_bayou_pond_a, serial_shops, shop_fountains
D:5:      layout_gridville, uniq_blork_the_orc

Skill      XL: |  1  2  3  4  5  6  7 |
---------------+----------------------+-----
Stealth        | 2 |  2.2
Dodging        | 2 3 4 |  4.6
Spellcasting   | 3 4 |  4.7
Conjurations   | 5 6 7 |  7.8

Action                     |  1- 3 |  4- 6 |  7- 9 || total
---------------------------+-------+-------+-------++-------
  Melee: Unarmed           |   132 |       |       ||   132
         Tailslap          |    32 |     2 |     4 ||    38
         Dagger            |     4 |       |       ||     4
         Punch             |     1 |     1 |       ||     2
         Short sword       |    41 |    46 |    30 ||   117
  Throw: Dart              |     2 |       |       ||     2
   Cast: Magic Dart        |    57 |    38 |       ||    95
         Searing Ray       |     4 |     5 |     5 ||    14
         Iskenderun's Myst |       |     1 |     2 ||     3
Ability: Breathe Steam     |       |       |     2 ||     2
    Use: Scroll            |     4 |     2 |     2 ||     8
         Potion            |     6 |     4 |     2 ||    12
 Armour: Skin              |    42 |    17 |     5 ||    64
  Dodge: Dodged            |    31 |    29 |    32 ||    92

Table legend: (Time is in decaauts)
 A = Elapsed time spent in this place.
 B = Non-inter-level travel time spent in this place.
 C = Inter-level travel time spent in this place.
 D = Time resting spent in this place.
 E = Time spent auto-exploring this place.
 F = Levels seen in this place.
 G = Mean time per level.
                   A        B        C        D        E       F      G
               +--------+--------+--------+--------+--------+-----+--------+
         Total |   4304 |   4170 |    134 |    963 |   2191 |   5 |  860.8 |
       Dungeon |   4304 |   4170 |    134 |    963 |   2191 |   5 |  860.8 |
               +--------+--------+--------+--------+--------+-----+--------+

Top non-repeatable levels by time:
     D:1: 1505 daAuts
     D:3: 1239 daAuts
     D:4: 1222 daAuts
     D:2: 251 daAuts
     D:5: 85 daAuts
